 Dungeon Crawl Stone Soup version 0.31-a0-1019-g3dd9dd1025 (webtiles) character file.

Game seed: 12064305757513188624

280 Avanven the Cudgeller (level 6, -3/37 HPs)
             Began as a Gargoyle Fighter on Nov 17, 2023.
             Slain by a gnoll
             ... wielding a +0 flail
              (9 damage)
             ... on level 2 of the Dungeon.
             The game lasted 00:04:21 (1899 turns).

Avanven the Cudgeller (Gargoyle Fighter)            Turns: 1899, Time: 00:04:21

Health: -3/37      AC: 11    Str: 21    XL:     6   Next: 27%
Magic:  6/6        EV:  9    Int:  9    God:
Gold:   71         SH:  4    Dex:  9    Spells: 5/5 levels left

rFire   . . .        a - +0 flail
rCold   . . .        c - +0 buckler
rNeg    + . .        b - +0 scale mail
rPois   ∞            (no helmet)
rElec   +            (no cloak)
rCorr   .            (no gloves)
SInv    .            (no boots)
Will    .....        (no amulet) Stlth
                     (no ring)
HPRegen 0.26/turn    (no ring)
MPRegen 0.10/turn

%: no passive effects
@: no status effects
A: sickness immunity, AC +4, negative energy resistance 1, electricity
resistance, torment resistance 1, petrification resistance
a: no special abilities


You were on level 2 of the Dungeon.
You visited 1 branch of the dungeon, and saw 3 of its levels.

You collected 71 gold pieces.

Inventory:

Hand Weapons
 a - a +0 flail (weapon)
Armour
 b - a +0 scale mail (worn)
 c - a +0 buckler (worn)
Scrolls
 i - a scroll of blinking {unknown}
Potions
 d - a potion of might
 e - a potion of ambrosia {unknown}
 f - 3 potions of heal wounds {unknown}
 g - 4 potions of haste {unknown}
 h - a potion of lignification {unknown}
 j - a potion of curing {unknown}


   Skills:
 - Level 3.2 Fighting
 * Level 5.3 Maces & Flails
 - Level 3.2 Armour
 + Level 5.1 Shields


You had 5 spell levels left.
You didn't know any spells.
Your spell library was empty.

Dungeon Overview and Level Annotations

Branches:
Dungeon (3/15)

Altars:
Cheibriados


Innate Abilities, Weirdness & Mutations

You are immune to sickness and miasma.
Your stone body is resilient. (AC +4)
You are immune to poison.
You resist negative energy. (rN+)
You are resistant to electric shocks. (rElec)
You are resistant to unholy torment.
You are immune to petrification.


Message History

You hit the gnoll.
The gnoll is heavily wounded.
The gnoll completely misses you. The gnoll closely misses you.
You hit the gnoll but do no damage.
The gnoll is heavily wounded.
The gnoll closely misses you. The gnoll hits you with a +0 halberd!
The gnoll barely misses you. x2
You sock the gnoll!
You kill the gnoll!
The gnoll hits you with a +0 flail.
You barely miss the gnoll.
The gnoll is lightly wounded.
The gnoll hits you but does no damage.
You barely miss the gnoll.
The gnoll is lightly wounded.
The gnoll hits you with a +0 flail!
* * * LOW HITPOINT WARNING * * *
You closely miss the gnoll.
The gnoll is lightly wounded.
The gnoll hits you with a +0 flail.
* * * LOW HITPOINT WARNING * * *
You hit the gnoll.
The gnoll is heavily wounded.
The gnoll hits you but does no damage.
You closely miss the gnoll.
The gnoll is heavily wounded.
You block the gnoll's attack. The gnoll closely misses you.
You closely miss the gnoll.
The gnoll is moderately wounded.
The gnoll hits you but does no damage.
You hit the gnoll.
The gnoll is heavily wounded.
You block the gnoll's attack.
You hit the gnoll.
The gnoll is heavily wounded.
You block the gnoll's attack.
You sock the gnoll!
The gnoll is almost dead.
The gnoll hits you with a +0 flail!
You die...

#.................
#......#.......###
#......#.......#
##....####.....#
#.####...###### #.#
#...# #.# #>..#
######.####...#####
#...g@...[........#
#....).####...###.#
#......#
#...###.####
#......#
#...##......
#####.##
#...##...... #.#
######......
########.########
#......
#...............#
#......
#.#####.##......#
#......


You could see a gnoll.

Vanquished Creatures
  Sigmund (D:2)
  Terence (D:2)
  Robin (D:2)
  A gnoll (D:2)
  A worm (D:2)
  6 dart slugs
  6 bats
  6 endoplasms
  2 giant cockroaches
  10 goblins
  5 hobgoblins
  2 jackals (D:1)
  3 kobolds
  A quokka (D:1)
  4 ball pythons
  3 frilled lizards (D:1)
  2 rats
55 creatures vanquished.

Notes
Turn   | Place    | Note
-------+----------+-------------------------------------------
     0 | D:1      | Avanven the Gargoyle Fighter began the quest for the Orb.
     0 | D:1      | Reached XP level 1. HP: 14/14 MP: 1/1
    78 | D:1      | Reached XP level 2. HP: 15/19 MP: 2/2
   377 | D:1      | Reached XP level 3. HP: 13/23 MP: 3/3
   766 | D:2      | Noticed Sigmund
   899 | D:2      | Found a snail-covered altar of Cheibriados.
  1010 | D:2      | Noticed Robin
  1081 | D:2      | Killed Robin
  1082 | D:2      | Reached XP level 4. HP: 19/28 MP: 4/4
  1232 | D:2      | Killed Sigmund
  1233 | D:2      | Reached skill level 5 in Maces & Flails
  1233 | D:2      | Reached XP level 5. HP: 19/32 MP: 5/5
  1233 | D:2      | Reached XP level 6. HP: 22/37 MP: 6/6
  1328 | D:2      | Noticed Terence
  1342 | D:2      | Killed Terence
  1343 | D:2      | Reached skill level 5 in Shields
  1899 | D:2      | Slain by a gnoll

Illustrated notes

Levels and vault maps discovered:
D:1:      spicycebolla_green_bress_n_ham_2, layout_basic, nrook_mini_vaults
D:2:      layout_basic, basic_altar, kennysheep_generic_room_14, uniq_terence,
          uniq_sigmund, uniq_robin
D:3:      layout_basic, overflow_temple_1_default, serial_shops, shop,
          kennysheep_jessica_study

Skill      XL: |  1  2  3  4  5  6 |
---------------+-------------------+-----
Maces & Flails | 3 5 |  5.3
Shields        | 4 5 |  5.1
Fighting       | |  3.2
Armour         | |  3.2

Action                     |  1- 3 |  4- 6 || total
---------------------------+-------+-------++-------
  Melee: Flail             |   111 |    67 ||   178
 Armour: Scale mail        |   130 |    60 ||   190
  Dodge: Dodged            |    76 |    40 ||   116
  Block: Buckler           |    29 |    16 ||    45

Table legend: (Time is in decaauts)
 A = Elapsed time spent in this place.
 B = Non-inter-level travel time spent in this place.
 C = Inter-level travel time spent in this place.
 D = Time resting spent in this place.
 E = Time spent auto-exploring this place.
 F = Levels seen in this place.
 G = Mean time per level.
                   A        B        C        D        E       F      G
               +--------+--------+--------+--------+--------+-----+--------+
         Total |   1948 |   1864 |     84 |    306 |   1065 |   3 |  649.3 |
       Dungeon |   1948 |   1864 |     84 |    306 |   1065 |   3 |  649.3 |
               +--------+--------+--------+--------+--------+-----+--------+

Top non-repeatable levels by time:
     D:2: 1038 daAuts
     D:1: 897 daAuts
     D:3: 13 daAuts
